 Dungeon Crawl Stone Soup version 0.31-a0-654-gbe3e110b4e (webtiles) character file.

Game seed: 8203223324029010971

4 spiderkeys the Ruffian (level 1, -10/13 HPs)
             Began as an Octopode Shapeshifter on Aug 29, 2023.
             Mangled by a kobold
             ... wielding a +2 short sword of distortion
              (15 damage)
             ... on level 1 of the Dungeon.
             The game lasted 00:00:11 (145 turns).

spiderkeys the Ruffian (Octopode Shapeshifter)       Turns: 145, Time: 00:00:11

Health: -10/13     AC:  1    Str: 13    XL:     1   Next: 70%
Magic:  1/1        EV: 13    Int: 12    God:
Gold:   8          SH:  0    Dex: 11    Spells: 0/0 levels left

rFire   . .          .
                       - Unarmed
rCold   . . .        (no shield)
rNeg    . . .        (helmet currently unavailable)
rPois   .            (no amulet)
rElec   .            (no ring)
rCorr   .            (no ring)
SInv    .            (no ring)
Will    .....        (no ring)
Stlth   ++           (no ring)
HPRegen 0.22/turn    (no ring)
MPRegen 0.07/turn    (no ring)
                     (no ring)

%: no passive effects
@: beast-form
A: beast (slay +1), almost no armour, amphibious, 8 rings, camouflage 1,
gelatinous body 1, (nimble swimmer 1), tentacles
a: Begin Untransformation


You were on level 1 of the Dungeon.
You were a hulking beast.
You visited 1 branch of the dungeon, and saw 1 of its levels.

You collected 8 gold pieces.


Innate Abilities, Weirdness & Mutations

You are a hulking beast.
Your limbs bulge with bestial killing power. (Slay +1)
You cannot wear most types of armour.
You are amphibious.
You can wear up to eight rings at the same time.
Your skin changes colour to match your surroundings (Stealth+).
Your rubbery body absorbs attacks. (AC +1, EV +1)
((You are camouflaged when in or above water. (Stealth+)))
You have tentacles for arms and can constrict up to eight enemies at once.


   Skills:
 + Level 1.2 Fighting
 + Level 2.1 Dodging
 + Level 3.0 Unarmed Combat
 + Level 3.0 Shapeshifting


You couldn't memorise any spells.
You didn't know any spells.
Your spell library was empty.

Inventory:

Missiles
 e - 15 stones
Talismans
 b - a beast talisman (active)
 c - a flux talisman
Scrolls
 f - a scroll of enchant weapon {unknown}
Potions
 a - a potion of lignification {!q}
 d - a potion of enlightenment {unknown}
 g - a potion of degeneration {unknown}

Dungeon Overview and Level Annotations

Branches:
Dungeon (1/15) Zot: 5854

Altars:

#..........#
#..........#
#..........#
#...K......#
#..........###
#.............
#...K.K....#
#....h.....#
######.#####
#.# #.# #.# ..
#.# #.. #.#
#.# #.# #.#
#.# #.# #.#
#.# ##.# #.#


You could see 3 kobolds.


Message History

Options error: Missing colour in message_colour setting: 'that.*feels deathly cold' Options error: Missing colour in message_colour setting: 'and you must be Full or above to equip it' Options error: Missing colour in message_colour setting: 'but rights himself reflexively soon after' Options error: Missing colour in message_colour setting: 'before it is too late' Welcome, spiderkeys the Octopode Shapeshifter.
Will you prevail where others failed? Will you find the Orb of Zot?
Press ? for a list of commands and other information.
Found a scroll labelled UNATSIG OSKA and a brown potion.
Found a staircase leading out of the dungeon.
d - a brown potion
Found a stone staircase leading down.
e - 9 stones
f - a scroll labelled UNATSIG OSKA No target in view!
e - 14 stones (gained 5)
A hobgoblin comes into view.
A hobgoblin is nearby!
A hobgoblin is nearby!
A hobgoblin is nearby!
A ball python comes into view.
The hobgoblin shouts!
The hobgoblin completely misses you.
The ball python hisses angrily.
You barely miss the hobgoblin. You grab the hobgoblin.
You constrict the hobgoblin. The ball python barely misses you.
The ball python misses you.
You tentacle-slap the hobgoblin.
You kill the hobgoblin!
The ball python bites you.
The ball python closely misses you. 😕 HP[-1]
You take 1 damage, and now have 12/13 hp.
You closely miss the ball python. Your grab misses the ball python.
Your squeeze misses the ball python. The ball python barely misses you.
The ball python closely misses you. 😎 HP[+1]
Your hp is fully restored (13).
You closely miss the ball python. You grab the ball python.
You squeeze the ball python.
You kill the ball python!
No target in view!
No target in view!
g - a coppery potion Key pressed, stopping explore.
Found a stone staircase leading down.
You now have 8 gold pieces.
A quokka comes into view.
A quokka comes into view.
Found an escape hatch in the floor.
The quokka closely misses you.
You tentacle-slap the quokka.
You kill the quokka!
You see here a quokka corpse.
You tentacle-slap the quokka.
You kill the quokka!
No target in view!
No target in view!
e - 15 stones (gained 1) 2 kobolds come into view.
A kobold is wielding a +2 short sword of distortion.
The kobold shouts!
A kobold comes into view. It is wielding a +0 whip.
The kobold shouts!
You completely miss the kobold.
The kobold shouts!
You grab the kobold.
You constrict the kobold, but do no damage.
The kobold throws a stone.
The stone hits you.
The kobold hits you with a +2 short sword of distortion.
* * * LOW HITPOINT WARNING * * *
Space warps horribly around you!
Ouch! That really hurt!
You die...

Action                     || total
---------------------------++-------
  Melee: Unarmed           ||     7
         Constrict         ||     3
         Tentacles         ||     1
  Dodge: Dodged            ||     7

Levels and vault maps discovered:
D:1:      roderic_crossed_star, layout_rooms, item_on_display_a

Notes
Turn   | Place    | Note
-------+----------+-------------------------------------------
     0 | D:1      | spiderkeys the Octopode Shapeshifter began the quest for
                  | the Orb.
     0 | D:1      | Reached XP level 1. HP: 13/13 MP: 1/1
     0 | D:1      | magus.rc [v1.11.6]
   145 | D:1      | Mangled by a kobold

Vanquished Creatures
  A hobgoblin (D:1)
  2 quokkas (D:1)
  A ball python (D:1)
4 creatures vanquished.

Table legend:
 A = Non-vault XP
 B = Vault XP
 C = Vault XP percentage of total XP
 D = Non-vault monster count
 E = Vault monster count
 F = Vault count percentage of total count
                 A         B        C        D         E       F
            +---------+---------+-------+---------+---------+-------
      Total |       7 |       0 |   0.0 |       4 |       0 |   0.0
            +---------+---------+-------+---------+---------+-------
        D:1 |       7 |       0 |   0.0 |       4 |       0 |   0.0
            +---------+---------+-------+---------+---------+-------

Action                     || total
---------------------------++-------
  Melee: Unarmed           ||     7
         Constrict         ||     3
         Tentacles         ||     1
  Dodge: Dodged            ||     7

Illustrated notes

Table legend:
 A = Kills in this place as a percentage of kills in the entire game.
 B = Kills by you in this place as a percentage of kills by you in the entire game.
 C = Kills by friends in this place as a percentage of kills by friends in the entire game.
 D = Other kills in this place as a percentage of other kills in the entire game.
 E = Experience gained in this place as a percentage of experience gained in the entire game.
 F = Experience gained in this place divided by the number of levels of this place that you have seen.
                   A       B       C       D       E      F
               +-------+-------+-------+-------+-------+----------------------
         Total | 100.0 | 100.0 |   N/A |   N/A | 100.0 |   7.0
       Dungeon | 100.0 | 100.0 |   N/A |   N/A | 100.0 |   7.0
               +-------+-------+-------+-------+-------+----------------------

Table legend: (Time is in decaauts)
 A = Elapsed time spent in this place.
 B = Non-inter-level travel time spent in this place.
 C = Inter-level travel time spent in this place.
 D = Time resting spent in this place.
 E = Time spent auto-exploring this place.
 F = Levels seen in this place.
 G = Mean time per level.
                   A        B        C        D        E       F      G
               +--------+--------+--------+--------+--------+-----+--------+
         Total |    144 |    144 |      0 |      0 |    118 |   1 |  144.0 |
       Dungeon |    144 |    144 |      0 |      0 |    118 |   1 |  144.0 |
               +--------+--------+--------+--------+--------+-----+--------+

Top non-repeatable levels by time:
     D:1: 144 daAuts
